 Dungeon Crawl Stone Soup version 0.28.0-45-g0d030f2227 (webtiles) character file.

Game seed: 3255504525263305712

304 101zpm the Covered (level 6, 0/38 HPs)
             Began as a Gargoyle Fighter on Apr 10, 2022.
             Killed by divine providence
             ... invoked by an orc priest
              (10 damage)
             ... on level 4 of the Dungeon.
             The game lasted 00:05:03 (3591 turns).

101zpm the Covered (Gargoyle Fighter)               Turns: 3591, Time: 00:05:03

Health: 0/38       AC: 14    Str: 22    XL:     6   Next: 38%
Magic:  6/6        EV: 10    Int: 14    God:
Gold:   135        SH:  5    Dex: 15    Spells: 5/5 levels left

rFire   . . .      SeeInvis .   a - +0 flail
rCold   . . .      Faith    .   c - +0 buckler
rNeg    + . .      Spirit   .   b - +0 scale mail
rPois   ∞          Reflect  .   m - +0 helmet
rElec   +          Harm     .   (no cloak)
rCorr   .          Rampage  .   (no gloves)
Will    .....                   q - +0 pair of boots
Stlth   ..........              (no amulet)
HPRegen 0.12/turn               n - +6 ring of dexterity
MPRegen 0.10/turn               p - +6 ring of intelligence

@: no status effects
A: sickness immunity, AC +4, negative energy resistance 1, electricity
resistance, torment resistance 1, petrification resistance
a: no special abilities


You were on level 4 of the Dungeon.
You visited 1 branch of the dungeon, and saw 4 of its levels.

You collected 135 gold pieces.

Inventory:

Hand Weapons
 a - a +0 flail (weapon)
Missiles
 e - a javelin (quivered)
 i - 51 stones
Armour
 b - a +0 scale mail (worn)
 c - a +0 buckler (worn)
 m - a +0 helmet (worn)
 q - a +0 pair of boots (worn)
Jewellery
 n - a +6 ring of dexterity (left hand)
 p - a +6 ring of intelligence (right hand)
 t - a +4 ring of evasion
Scrolls
 g - 2 scrolls of noise {unknown}
 h - 2 scrolls of teleportation {unknown}
 j - a scroll of vulnerability {unknown}
 k - 2 scrolls of enchant weapon {unknown}
 s - 2 scrolls of magic mapping {unknown}
 u - a scroll of identify {unknown}
Potions
 d - a potion of might
 f - 2 potions of mutation {unknown}
 l - a potion of heal wounds {unknown}
 o - a potion of curing
 r - a potion of lignification {unknown}


   Skills:
 + Level 4.3 Fighting
 + Level 4.1 Maces & Flails
 + Level 0.1 Throwing
 + Level 4.6 Armour
 + Level 1.4 Dodging
 + Level 0.2 Stealth
 + Level 4.0 Shields


You had 5 spell levels left.
You didn't know any spells.
Your spell library contained the following spells:

 Spells                   Type           Power      Damage    Failure   Level
 Beastly Appendage        Tmut           0%         N/A       67%         1
 Wereblood                Tmut           0%         N/A       82%         2
 Spider Form              Tmut/Pois      0%         N/A       96%         3


Dungeon Overview and Level Annotations

Branches:
Dungeon (4/15)
 Temple: D:4-7

Altars:
Nemelex Xobeh


Innate Abilities, Weirdness & Mutations

You are immune to sickness and miasma.
Your stone body is resilient. (AC +4)
You are immune to poison.
You resist negative energy. (rN+)
You are resistant to electric shocks. (rElec)
You are resistant to unholy torment.
You are immune to petrification.


Message History

You closely miss the orc priest. The orc priest completely misses you.
You hit the orc priest but do no damage.
The orc priest hits you but does no damage.
You hit the orc priest.
The orc priest is lightly wounded.
The orc priest hits you but does no damage.
You hit the orc priest.
The orc priest is lightly wounded.
You block the orc priest's attack.
The orc priest hits you but does no damage.
You barely miss the orc priest.
The orc priest is lightly wounded.
The orc priest barely misses you.
You barely miss the orc priest.
The orc priest is lightly wounded.
The orc priest mumbles some strange prayers to Beogh against you.
Beogh smites you!
* * * LOW HITPOINT WARNING * * *
You are too injured to fight recklessly!
You are too injured to fight recklessly!
You are too injured to fight recklessly!
You are too injured to fight recklessly!
You sock the orc priest!
The orc priest is severely wounded.
The orc priest closely misses you.
You closely miss the orc priest.
The orc priest is severely wounded.
You block the orc priest's attack.
You closely miss the orc priest.
The orc priest is severely wounded.
You block the orc priest's attack.
The orc priest miscasts a cantrip.
You hit the orc priest but do no damage.
The orc priest is severely wounded.
The orc priest hits you but does no damage.
You hit the orc priest.
The orc priest is severely wounded.
The orc priest calls down the wrath of Beogh upon you.
Beogh smites you!
You die...

#.#.......# #.#
#.#.#####.###.#
#...o.o.....#o#
###.#.#.#.#.#.#
#..#.#.#.#.#.#
#..#.#.#.#.#o#
#..#.#)#.#.#.#
#.##.#.#.#o#.#
#. ..#...#@#.#
############.##
#....o.o......#
#.#############
#.# #o# #.# #o#
#.#


You could see an orc priest.

Vanquished Creatures
  An ogre (D:3)
  A sky beast (D:3)
  Terence (D:3)
  4 adders
  3 worms
  A dart slug (D:2)
  3 orcs (D:4)
  4 ball pythons
  3 endoplasms
  3 giant cockroaches
  6 hobgoblins
  4 jackals (D:2)
  3 quokkas (D:1)
  5 bats
  2 frilled lizards (D:1)
  6 goblins
  2 kobolds
  6 rats
58 creatures vanquished.

Notes
Turn   | Place    | Note
-------+----------+-------------------------------------------
     0 | D:1      | 101zpm the Gargoyle Fighter began the quest for the Orb.
     0 | D:1      | Reached XP level 1. HP: 14/14 MP: 1/1
   367 | D:1      | Reached XP level 2. HP: 19/19 MP: 2/2
   613 | D:1      | Found a faded altar of an unknown god.
  1008 | D:1      | Reached XP level 3. HP: 13/23 MP: 3/3
  1406 | D:2      | Found a sparkling altar of Nemelex Xobeh.
  1761 | D:2      | Reached XP level 4. HP: 22/29 MP: 4/4
  2322 | D:3      | Noticed Terence
  2340 | D:3      | Killed Terence
  2675 | D:3      | Reached XP level 5. HP: 33/33 MP: 5/5
  2772 | D:3      | Reached skill level 1 in Dodging
  3004 | D:3      | Noticed a sky beast
  3017 | D:3      | Killed a sky beast
  3488 | D:4      | Noticed an ogre
  3568 | D:3      | Killed an ogre
  3569 | D:3      | Reached XP level 6. HP: 33/38 MP: 6/6
  3591 | D:4      | Killed from afar by an orc priest

Illustrated notes

Levels and vault maps discovered:
D:1:      erik_arrival_blinker_ship, layout_rooms,
          hellmonk_ecumenical_altar_run_dry
D:2:      layout_basic, basic_altar
D:3:      layout_basic, uniq_terence
D:4:      layout_basic, enter_ossuary_1

Skill      XL: |  1  2  3  4  5 |
---------------+----------------+-----
Maces & Flails | 3 4 |  4.1
Armour         | 4 |  4.6
Dodging        | 1 |  1.4
Fighting       | 4 |  4.3
Shields        | 4 |  4.0
Throwing       | |  0.1
Stealth        | |  0.2

Action                   |  1- 3 |  4- 6 || total
-------------------------+-------+-------++-------
Melee: Flail             |   165 |   119 ||   284
Throw: Javelin           |       |     2 ||     2
Armor: Scale mail        |   107 |    50 ||   157
Dodge: Dodged            |    95 |    57 ||   152
Block: Buckler           |    44 |    26 ||    70
